 Dungeon Crawl Stone Soup version 0.17-a0-1464-g59a308b (webtiles) character file.

1557438 xgamer67 the Slayer (level 27, 244/244 HPs)
             Began as a Vampire Enchanter on July 1, 2015.
             Was a High Priest of Makhleb.
             Escaped with the Orb
             ... and 3 runes!
             The game lasted 07:51:46 (90186 turns).

xgamer67 the Slayer (Vampire Enchanter)            Turns: 90186, Time: 07:51:46

Health: 244/244    AC: 34    Str: 27    XL:     27
Magic:  49/49      EV: 32    Int: 27    God:    Makhleb [*****.]
Gold:   3916       SH:  8    Dex: 34    Spells: 12 memorised, 0 levels left

rFire  + + .     SeeInvis +     b - +6 demon blade (elec)
rCold  . . .     Clarity  .     K - +8 fire dragon armour
rNeg   + + .     SustAt   .     T - +0 buckler "Nizuj" {Str+4 Dex+4 Stlth+}
rPois  +         Gourm    .     o - +2 helmet {Int+3}
rElec  .         Spirit   .     U - +0 cloak of Huilomocu {Regen+ Str+4 Int+3}
rCorr  .         Warding  .     M - +2 pair of gloves {Dex+3}
rMut   +         Stasis   .     f - +2 pair of boots {Fly}
MR     +++..                    R - amulet of resist mutation
Stlth  ++++......               s - ring of Leulli {+Fly MR+ MP+9 Str+5}
                                n - ring of Ecune {+Fly rC- Str+4 Dex+4}

@: flying, very slightly contaminated, regenerating slowly, hasted (expiring),
deflect missiles, very quick, extremely resistant to hostile enchantments,
stealthy
A: fangs 3, see invisible, agile 1, cold resistance 1, high mp 1, unbreathing
a: Bat Form, Minor Destruction, Lesser Servant of Makhleb, Major Destruction,
Greater Servant of Makhleb, Renounce Religion, Stop Flying
0: Orb of Zot
}: 3/15 runes: barnacled, silver, gossamer


You escaped.
You worshipped Makhleb.
Makhleb was extremely pleased with you.
You were very thirsty.

You visited 10 branches of the dungeon, and saw 55 of its levels.
You visited the Abyss 1 time.
You also visited: Labyrinth and Ice Cave.

You collected 10674 gold pieces.
You spent 6758 gold pieces at shops.

Inventory:

Hand weapons
 a - the +3 dagger of Doubt {venom, +Inv Dex-2 SInv}
   (You found it on level 1 of the Abyss)

   It poisons the flesh of those it strikes.
   It affects your dexterity (-2).
   It lets you see invisible.
   It lets you turn invisible.
 b - a +6 demon blade of electrocution (weapon)
Missiles
 J - 24 throwing nets (quivered)
Armour
 f - a +2 pair of boots of flying (worn)
 o - a +2 helmet of intelligence (worn)
 K - a +8 fire dragon armour (worn)
 M - a +2 pair of gloves of dexterity (worn)
 T - the +0 buckler "Nizuj" (worn) {Str+4 Dex+4 Stlth+}
   (You bought it in a shop on level 8 of the Dungeon)

   It affects your strength (+4).
   It affects your dexterity (+4).
   It makes you more stealthy.
 U - the +0 cloak of Huilomocu (worn) {Regen+ Str+4 Int+3}
   (You found it in a labyrinth)

   It affects your strength (+4).
   It affects your intelligence (+3).
   It increases your rate of regeneration.
Jewellery
 n - the ring of Ecune (left hand) {+Fly rC- Str+4 Dex+4}
   (You found it on level 5 of the Vaults)

   [ring of flight]

   It affects your strength (+4).
   It affects your dexterity (+4).
   It makes you vulnerable to cold.
   It lets you fly.
 p - the amulet of Divine Intervention {Faith Dex+4}
   (You took it off a minotaur in a labyrinth)

   [amulet of faith]

   It allows you to gain divine favour quickly.
   It affects your dexterity (+4).
 s - the ring of Leulli (right hand) {+Fly MR+ MP+9 Str+5}
   (You took it off an ironbrand convoker on level 5 of the Vaults)

   [ring of strength]

   It affects your strength (+5).
   It affects your resistance to hostile enchantments.
   It affects your magic capacity (+9).
   It lets you fly.
 u - an uncursed ring of sustain attributes
 w - the ring of Uggagisi {rElec rF+ MR+ Slay-4}
   (You found it on level 5 of the Lair of Beasts)

   [ring of protection from fire]

   It affects your accuracy and damage with ranged weapons and melee attacks
   (-4).
   It protects you from fire.
   It insulates you from electricity.
   It affects your resistance to hostile enchantments.
 C - an uncursed amulet of warding
 D - an uncursed ring of protection from cold
 R - an amulet of resist mutation (around neck)
 Y - an uncursed ring of teleportation
Magical devices
 h - a wand of hasting (9)
 t - a wand of digging (14)
 G - a wand of teleportation (7)
 V - a wand of disintegration (15)
Scrolls
 c - 2 scrolls of silence
 e - 26 scrolls of remove curse
 j - a scroll of identify
 k - 4 scrolls of blinking
 l - 4 scrolls of recharging
 A - 5 scrolls of summoning
 B - 9 scrolls of fog
Potions
 d - 2 potions of resistance
 g - a potion of might
 r - 2 potions of magic
 y - 2 potions of cure mutation
 z - 11 potions of curing
 E - 3 potions of heal wounds
 I - 4 potions of agility
 O - 8 potions of ambrosia
 Q - a potion of cancellation
 S - a potion of haste
 W - 3 potions of invisibility
Miscellaneous
 i - a stone of tremors
 q - a legendary deck of changes {the Alchemist, drawn: 2}
 v - a fan of gales
 x - a phial of floods
 H - a legendary deck of summoning {Water, drawn: 3}
 L - a phantom mirror
 N - a lantern of shadows
 P - an ornate deck of defence {the Helm}
 X - a legendary deck of summoning {the Illusion}
 Z - a sack of spiders


   Skills:
 + Level 25.8 Fighting
 - Level 10.0(13.2) Short Blades
 - Level 13.0(14.0) Long Blades
 - Level 15.0 Armour
 - Level 18.0 Dodging
 - Level 20.0 Stealth
 - Level 4.2 Shields
 - Level 10.0 Spellcasting
 - Level 16.0 Hexes
 - Level 17.0 Charms
 - Level 3.0 Summonings
 - Level 4.0 Translocations
 - Level 6.0 Ice Magic
 - Level 10.0 Air Magic
 - Level 10.0 Invocations
 - Level 10.0 Evocations


You couldn't memorise any spells.
You knew the following spells:

 Your Spells              Type           Power        Failure   Level  Hunger
a - Ensorcelled Hibernat  Hex/Ice        ######       1%          2    None
b - Confuse               Hex            #######.     1%          3    None
c - Tukima's Dance        Hex            #######.     1%          3    None
d - Dazzling Spray        Conj/Hex       ######..     1%          3    None
e - Mass Confusion        Hex            #######...   1%          6    #####..
A - Apportation           Tloc           #####.....   1%          1    None
B - Blink                 Tloc           N/A          2%          2    None
D - Discord               Hex            #######...   78%         8    #######
H - Haste                 Chrm           #######.     1%          6    #####..
R - Deflect Missiles      Chrm/Air       ######....   6%          6    #####..
S - Silence               Hex/Air        ######....   1%          5    ####...
U - Summon Butterflies    Summ           ####....     2%          1    None


Dungeon Overview and Level Annotations

Branches:
Dungeon (15/15)            Temple (0/1) D:7            Lair (8/8) D:8
 Shoals (4/4) Lair:3       Spider (4/4) Lair:4        Slime (0/6) Lair:8
    Orc (4/4) D:9             Elf (2/3) Orc:3        Vaults (5/5) D:13
  Crypt (3/3) Vaults:3       Tomb (0/3) Crypt:3      Depths (5/5) D:15
    Zot (5/5) Depths:5

Altars:
Cheibriados
Dithmenos
Elyvilon
Fedhas
Gozag
Kikubaaqudgha
Makhleb
Okawaru
Sif Muna
Trog
Xom
Zin
Beogh
Jiyva

Shops:
D:4 [   D:8 *[   D:11 }   D:13 %   Orc:2 =(%(   Orc:4 *=[(   Elf:1 ([([
Shoals:2 *   Vaults:1 !(:[   Vaults:5 :   Depths:3 *([*

Portals:
Hell: Depths:1 Depths:2 Depths:3 Depths:4 Depths:5
Abyss: Depths:3 Depths:4
Pandemonium: Depths:1 Depths:2 Depths:3 Depths:5
Ziggurat: Depths:5

Annotations:
D:5 exclusion: 4 killer bees
D:10 book over water, exclusion: door
Lair:1 exclusion: 2 electric eels
Elf:2 3 runed doors
Vaults:3 Jorgrun
Depths:3 Sojobo
Depths:4 exclusions: deep troll, deep troll earth mage and deep troll shaman, Mennas


Innate Abilities, Weirdness & Mutations

You heal slowly.
You have razor-sharp teeth.
You have supernaturally acute eyesight.
You can survive without breathing.
You are agile. (Dex +2)
Your flesh is cold resistant.
You have an increased reservoir of magic (+10% MP).


Message History

(H) Hell (Z) Zot
Where to? (Enter - D:1, ? - help)
There is a stone staircase leading up here.
Magic restored.
You fly upwards.
There is a stone staircase leading down here.
There is an open door here.
An orange demon comes into view.
You block the orange demon's attack.
Your extra speed is starting to run out.
You hit the orange demon but do no damage.
You slash the orange demon!
There is a sudden explosion of sparks!
The orange demon is severely wounded.
You block the orange demon's attack. The orange demon completely misses you.
You open the orange demon like a pillowcase!!!
There is a sudden explosion of sparks!
You kill the orange demon!
Makhleb accepts your kill.
There is a staircase leading out of the dungeon here.
You have escaped!

#.# #...##...##...##...#.##.#
#.# #..####..##..####..#.##.#
..# #..####..##..####..#.##.#
..#####...##...##...##...#.##.#
......#..................#..#.#
..##..##................##....##
..##..#######..##..######......#
..##..#######..##..######....###
..##..##........@.......##...#
####..#..................#...#
####..#...##...##...##...#...#
......#..####..##..####..#...#
.##...#..####..##..####..#...#
.##...#...##...##...##...#...#
.##...#........##........#...#
###...#'......####......'#...#
#..%.##################....#


There were no monsters in sight!

Vanquished Creatures
  3 orbs of fire (Zot:5)
  4 ancient liches
  Boris (Depths:5)
  Frederick (Vaults:3)
  Margery (Depths:3)
  6 caustic shrikes (Depths:4)
  A Killer Klown (Zot:3)
  Nikola (Depths:3)
  14 golden dragons
  Xtahua (Depths:4)
  A bone dragon (Crypt:3)
  12 liches
  2 electric golems
  16 tentacled monstrosities
  An Ice Fiend (Depths:4)
  27 Orb Guardians
  9 titans
  2 quicksilver dragons
  Polyphemus (Shoals:4)
  An eldritch tentacle (Crypt:3)
  A kraken (Shoals:2)
  4 sphinxes
  Gastronok (D:11)
  Frances (D:14)
  7 tengu reavers
  16 storm dragons
  10 shadow dragons
  5 draconian monks
  Ilsuiw (Shoals:4)
  Wiglaf (Vaults:3)
  17 fire giants
  18 frost giants
  3 draconian knights
  An orc warlord (Orc:4)
  4 deep elf sorcerers
  An iron dragon (Depths:4)
  6 draconian scorchers
  3 draconian zealots
  Aizul (Depths:2)
  8 vault wardens
  3 curse skulls
  6 ghost moths
  2 draconian shifters
  17 emperor scorpions
  6 ghouls
  An angel (D:8)
  6 war gargoyles
  19 very ugly things
  3 spriggan defenders
  9 draconian annihilators
  13 ironheart preservers
  38 stone giants
  3 draconian callers
  15 black draconians
  12 green draconians
  8 vampire knights
  A lorocyproca (Depths:5)
  9 purple draconians
  5 deep elf demonologists
  5 deep elf annihilators
  6 yellow draconians
  8 red draconians
  16 white draconians
  11 mottled draconians
  A green death (D:3)
  3 small abominations
  Snorg (D:11)
  5 merfolk javelineers (Shoals:4)
  A deep elf death mage (Crypt:2)
  3 crystal guardians (Crypt:3)
  A deep elf high priest (Elf:1)
  20 ettins
  A quicksilver dragon zombie (Crypt:3)
  2 death oozes (Depths:5)
  30 vault guards
  4 merfolk impalers (Shoals:4)
  3 eidola
  5 jiangshi
  14 great orbs of eyes
  17 fire dragons
  21 yaktaur captains
  21 ice dragons
  8 hydras
  6 rakshasas
  A monstrous demonspawn (Depths:2)
  14 ogre magi
  8 entropy weavers
  6 death cobs
  12 centaur warriors
  3 merfolk aquamancers
  A merfolk avatar (Shoals:4)
  The ghost of ninjanymous the Fighter, an experienced MiMo of Cheibriados (Orc:3)
  13 deep troll earth magi
  2 satyrs
  A death knight (Vaults:3)
  An alligator snapping turtle (Shoals:4)
  A large abomination (Vaults:5)
  2 catoblepae
  6 dancing weapons
  8 death yaks
  9 deep troll shamans
  A titan zombie (Crypt:3)
  2 orc high priests
  5 tengu warriors
  7 vampire magi
  10 deep elf knights
  A fire crab (Vaults:2)
  A titan skeleton (Crypt:1)
  14 hell knights
  5 spriggan berserkers
  2 sun demons
  6 iron trolls
  2 shadow wraiths
  An ice devil (Zot:2)
  2 storm dragon skeletons (Crypt:3)
  44 skeletal warriors
  5 sea snakes
  An anaconda zombie (Crypt:3)
  2 giant orange brains (Depths:4)
  38 deep trolls
  3 unseen horrors
  5 deep elf summoners
  14 necromancers
  3 ice statues
  20 harpies
  A shadow dragon zombie (Crypt:3)
  A torturous demonspawn (Depths:2)
  7 flayed ghosts
  Pikel (D:6)
  9 hill giants
  9 phantasmal warriors
  11 ironbrand convokers
  9 wizards
  A shadow demon (D:8)
  6 orc knights
  41 wolf spiders
  8 deep elf conjurers
  A wolf spider zombie (D:15)
  An iron dragon zombie (Crypt:3)
  4 manticores
  12 fauns
  16 orb spiders
  4 orc sorcerers
  3 stone giant zombies
  A lindwurm (Lair:8)
  A faun (shapeshifter) (Vaults:4)
  6 water nymphs
  A draconian zombie (Zot:3)
  8 griffons
  A sphinx skeleton (Depths:1)
  29 moths of wrath
  7 hornets
  48 ugly things
  A fire giant zombie (Crypt:3)
  21 vault sentinels
  5 centaur zombies
  A sixfirhy (D:14)
  3 cyclopes
  2 guardian serpents (Depths:3)
  Maurice (D:8)
  A guardian serpent (shapeshifter) (Vaults:5)
  8 black mambas
  2 dire elephant zombies
  6 sirens
  A frost giant skeleton (Depths:1)
  A gargoyle (D:15)
  4 rust devils
  3 fire giant skeletons
  5 elephants
  A titan simulacrum (Depths:2)
  9 torpor snails
  A moth of wrath (shapeshifter) (Vaults:1)
  2 smoke demons
  10 spiny frogs
  2 hellions
  A grey draconian zombie (Crypt:1)
  2 salamander skeletons
  5 spectral swamp worms (Depths:1)
  2 kobold demonologists (Vaults:3)
  An orange demon (D:1)
  73 yaktaurs
  An efreet (Zot:4)
  9 komodo dragons
  19 demonic crawlers
  A hellwing (Zot:2)
  A blue devil (Depths:5)
  A pale draconian skeleton (Crypt:1)
  A purple draconian skeleton (Crypt:1)
  9 trolls
  A human skeleton (Vaults:5)
  A hydra zombie (Crypt:3)
  5 fire drakes
  3 giant leeches (Lair:8)
  6 tengu conjurers
  7 freezing wraiths
  3 wind drakes
  28 two-headed ogres
  3 fire drakes (shapeshifter)
  2 queen bees (shapeshifter)
  17 deep elf priests
  31 merfolk
  A polar bear (shapeshifter) (Depths:5)
  A polar bear (Lair:7)
  22 jumping spiders
  A raiju (shapeshifter) (D:14)
  A bog body (Crypt:1)
  5 boulder beetles
  A trapdoor spider zombie (D:9)
  13 blink frogs
  A slime creature (shapeshifter) (Depths:1)
  A snapping turtle (shapeshifter) (Vaults:1)
  7 snapping turtles (Shoals:4)
  16 slime creatures
  21 deep elf magi
  A fire dragon zombie (Crypt:3)
  34 flying skulls (Crypt:3)
  An ice dragon skeleton (Crypt:3)
  18 trapdoor spiders
  2 fire giant simulacra
  22 tarantellas
  2 human simulacra (Vaults:5)
  4 spriggans
  2 tarantellas (shapeshifter)
  A griffon skeleton (Crypt:2)
  A human (shapeshifter) (D:13)
  2 fire dragon skeletons
  7 water elementals
  3 ynoxinuls
  73 redbacks
  4 wyverns
  A shadow (D:8)
  10 hippogriffs
  32 yaks
  A steam dragon (Lair:7)
  4 wraiths
  2 basilisks
  A vampire (Crypt:1)
  A yak (shapeshifter) (Elf:1)
  A basilisk (shapeshifter) (Depths:5)
  A hippogriff (shapeshifter) (Vaults:4)
  17 wolves
  2 hungry ghosts
  19 vampire mosquitoes
  15 deep elf fighters
  A chaos spawn (Depths:2)
  2 soldier ants (shapeshifter)
  4 mottled dragons
  3 wargs
  Edmund (D:4)
  A porcupine (shapeshifter) (Depths:2)
  A water moccasin (shapeshifter) (Depths:5)
  18 ice beasts
  A soldier ant (D:13)
  12 porcupines
  A water nymph skeleton (Crypt:2)
  19 orc warriors
  18 water moccasins
  A merfolk skeleton (Crypt:1)
  3 sky beasts
  A black bear (D:7)
  34 spiders
  5 phantoms
  27 wasps
  52 ogres
  A black bear (shapeshifter) (Depths:4)
  2 eyes of draining
  9 boggarts
  2 snapping turtle skeletons
  19 centaurs
  9 necrophages
  2 swamp dragon skeletons (Crypt:2)
  2 elf zombies
  6 brain worms (Lair:8)
  17 crocodiles
  The ghost of Ebilmort the Firebug, an average DEFE of Vehumet (D:3)
  Blork the orc (D:4)
  19 giant frogs
  3 big kobolds
  A dryad skeleton (Crypt:1)
  5 scorpions
  2 polar bear zombies
  A yak zombie (Crypt:1)
  4 wights (D:13)
  A spriggan skeleton (Crypt:2)
  3 electric eels (Spider:2)
  4 crimson imps
  8 hounds
  3 human zombies (D:13)
  3 giant frog zombies
  13 jellies
  3 gnoll shamans (D:3)
  9 worker ants
  A giant frog skeleton (D:6)
  25 orc priests
  3 centaur skeletons
  2 hell rats (Lair:5)
  13 iguanas
  35 orc wizards
  A two-headed ogre skeleton (Crypt:2)
  A killer bee zombie (D:8)
  14 sheep (Lair:2)
  A hound zombie (D:9)
  A big kobold skeleton (Crypt:2)
  A mummy (D:13)
  A hound skeleton (D:9)
  Robin (D:2)
  37 gnolls
  14 adders
  88 river rats
  9 shadow imps
  12 white imps
  3 oozes
  An ufetubus (Depths:1)
  An adder zombie (D:9)
  A worm (shapeshifter) (Depths:4)
  The ghost of afx the Shield-Bearer, a weakling FoFi (D:15)
  An adder skeleton (D:5)
  22 worms
  5 giant geckos
  171 orcs
  2 ball pythons (D:1)
  10 bats
  8 giant cockroaches
  29 goblins
  17 hobgoblins
  32 jackals
  6 quokkas
  A giant gecko zombie (D:5)
  3 giant newts
  A goblin zombie (Crypt:2)
  A hobgoblin skeleton (Crypt:2)
  A jackal skeleton (D:6)
  29 kobolds
  An orc zombie (D:13)
  16 rats
  A rat skeleton (Crypt:1)
  A crawling corpse (Vaults:5)
2814 creatures vanquished.

Vanquished Creatures (collateral kills)
  Saint Roka (Orc:4)
  2 caustic shrikes (Depths:4)
  Rupert (Orc:2)
  A large abomination (Vaults:5)
  A shadow dragon (Vaults:5)
  2 fire giants
  Donald (Shoals:3)
  5 vault wardens
  A stone giant (Vaults:5)
  3 spriggan defenders
  A vampire knight (Depths:4)
  A yellow draconian (Zot:2)
  A red draconian (Depths:5)
  2 merfolk javelineers
  A minotaur (Lab)
  5 vault guards
  6 merfolk impalers
  A deep elf high priest (Vaults:5)
  2 spriggan air magi
  Erolcha (D:8)
  2 merfolk aquamancers (Shoals:4)
  A soul eater (Abyss:1)
  2 orc high priests
  Urug (Lair:2)
  5 spriggans
  3 spriggan berserkers
  2 hell knights (Depths:4)
  Sonja (Lair:2)
  5 skeletal warriors
  A flayed ghost (Depths:4)
  A deep troll (Depths:4)
  A phantasmal warrior (Vaults:5)
  A hill giant (D:8)
  2 orb spiders (Spider:4)
  2 orc sorcerers
  3 orc knights
  A moth of wrath (Zot:2)
  4 ironbrand convokers
  A hornet (Vaults:5)
  4 elephants (Lair:6)
  4 sirens (Shoals:4)
  4 fauns
  A smoke demon (Abyss:1)
  15 merfolk
  4 yaks (Lair:6)
  A wraith (Crypt:2)
  An ice beast (Lair:7)
  4 wasps
  18 orc warriors
  3 ogres
  A crocodile (Lair:8)
  A boggart (Depths:4)
  4 wights (D:13)
  3 orc priests
  A gnoll shaman (D:3)
  6 orc wizards
  2 sheep (Vaults:2)
  2 gnolls (D:3)
  3 white imps
  A giant gecko (D:4)
  17 orcs
  A kobold (D:4)
  A crawling corpse (Vaults:5)
180 creatures vanquished.

Vanquished Creatures (others)
  An eldritch tentacle (Zot:5)
  A tengu reaver (Vaults:5)
  A frost giant (Depths:3)
  A draconian knight (Zot:5)
  A yellow draconian (Zot:2)
  2 small abominations (Vaults:3)
  A white draconian (Zot:2)
  32 dancing weapons
  A hell knight (Depths:3)
  A phantasmal warrior (Depths:4)
  A necromancer (Vaults:5)
  2 moths of wrath (Zot:4)
  A deep elf priest (Vaults:5)
  A merfolk (Shoals:4)
  A crawling corpse (Vaults:3)
  125 eldritch tentacle segments
  13 fungi
  8 lost souls
  33 plants
  11 starspawn tentacles (Abyss:1)
  39 starspawn tentacle segments (Abyss:1)
  17 tentacles (Shoals:2)
  420 tentacle segments (Shoals:2)
714 creatures vanquished.

Grand Total: 3708 creatures vanquished

Notes
Turn   | Place    | Note
--------------------------------------------------------------
     0 | D:1      | xgamer67 the Vampire Enchanter began the quest for the Orb.
     0 | D:1      | Reached XP level 1. HP: 13/13 MP: 3/3
   261 | D:1      | Reached XP level 2. HP: 19/19 MP: 5/5
   265 | D:1      | Learned a level 2 spell: Ensorcelled Hibernation
   288 | D:1      | Reached skill level 5 in Stealth
   614 | D:2      | Found a bloodstained altar of Trog.
   619 | D:2      | Reached XP level 3. HP: 24/24 MP: 6/6
   624 | D:2      | Learned a level 3 spell: Confuse
   794 | D:2      | Reached skill level 5 in Hexes
   995 | D:2      | Reached XP level 4. HP: 25/30 MP: 4/7
  1035 | D:1      | HP: 1/30 [adder (4)]
  1909 | D:2      | Noticed Robin
  2157 | D:3      | Found a snail-covered altar of Cheibriados.
  2220 | D:3      | Reached XP level 5. HP: 33/35 MP: 6/9
  2227 | D:3      | Learned a level 3 spell: Tukima's Dance
  2271 | D:2      | Reached skill level 1 in Ice Magic
  2511 | D:2      | Killed Robin
  2757 | D:3      | Noticed Ebilmort's ghost (average DEFE)
  2898 | D:3      | Killed Ebilmort's ghost
  2990 | D:3      | Reached XP level 6. HP: 41/41 MP: 10/10
  3358 | D:3      | Reached skill level 5 in Short Blades
  4265 | D:3      | Reached XP level 7. HP: 42/46 MP: 4/11
  4476 | D:3      | Noticed an ogre
  4502 | D:3      | Reached skill level 6 in Hexes
  4651 | D:3      | Killed an ogre
  4651 | D:3      | Reached skill level 5 in Dodging
  5051 | D:4      | Found Uczu's Antique Armour Boutique.
  5060 | D:4      | Bought a runed leather armour for 34 gold pieces
  5258 | D:4      | Noticed Blork the orc
  5261 | D:4      | Killed Blork the orc
  5261 | D:4      | Reached skill level 7 in Stealth
  5292 | D:4      | Noticed Edmund
  5316 | D:4      | Killed Edmund
  5316 | D:4      | Reached XP level 8. HP: 41/52 MP: 3/12
  5597 | D:4      | Reached skill level 8 in Stealth
  5602 | D:4      | Learned a level 3 spell: Dazzling Spray
  5605 | D:4      | Found a burning altar of Makhleb.
  5644 | D:4      | Became a worshipper of Makhleb the Destroyer
  6139 | D:5      | Entered Level 5 of the Dungeon
  6211 | D:5      | Found a burning altar of Makhleb.
  6211 | D:5      | Noticed an Executioner
  6214 | D:5      | Noticed an orange demon
  6264 | D:5      | Reached skill level 1 in Fighting
  6559 | D:5      | Acquired Makhleb's first power
  7322 | D:6      | Noticed Pikel
  7325 | D:6      | Killed Pikel
  7325 | D:6      | Reached XP level 9. HP: 43/63 MP: 8/13
  7366 | D:6      | Found an iron altar of Okawaru.
  7483 | D:6      | Reached skill level 9 in Hexes
  8166 | D:7      | Acquired Makhleb's second power
  8317 | D:7      | Reached skill level 1 in Invocations
  8392 | D:7      | Found a staircase to the Ecumenical Temple.
  8734 | D:8      | Reached skill level 10 in Hexes
  8912 | D:8      | Noticed Maurice
  8912 | D:8      | Noticed Erolcha
  8926 | D:8      | Killed Erolcha
  8933 | D:8      | Killed Maurice
  8933 | D:8      | Reached XP level 10. HP: 52/70 MP: 4/14
  9068 | D:8      | Found Zin's Purification Station.
  9068 | D:8      | Found a glowing silver altar of Zin.
  9104 | D:8      | Found a shadowy altar of Dithmenos.
  9291 | D:8      | Found a staircase to the Lair.
  9291 | D:8      | Noticed a hill giant
  9295 | D:8      | Killed a hill giant
  9689 | D:8      | Found Puluihoo's Armour Boutique.
  9718 | D:8      | Bought the +0 buckler "Nizuj" {Str+4 Dex+4 Stlth+} for 404 gold pieces
  9841 | D:9      | Found a blossoming altar of Fedhas.
 10051 | D:9      | Reached skill level 1 in Shields
 10059 | D:9      | Acquired Makhleb's third power
 10277 | D:9      | Found a staircase to the Orcish Mines.
 10848 | D:10     | Entered Level 10 of the Dungeon
 10860 | D:10     | Noticed a hill giant
 10867 | D:10     | Killed a hill giant
 11089 | D:10     | Reached skill level 10 in Stealth
 11248 | D:10     | Found a deep blue altar of Sif Muna.
 11293 | D:10     | Acquired Makhleb's fourth power
 11549 | D:10     | Reached XP level 11. HP: 75/75 MP: 17/17
 11560 | D:11     | Noticed an eight-headed hydra
 11681 | D:11     | Found Veurog's Gadget Shoppe.
 11717 | D:11     | Found a labyrinth entrance.
 11732 | Lab      | Entered a labyrinth
 11735 | Lab      | Noticed hackum's ghost (powerful DrMo)
 12393 | Lab      | Noticed a minotaur
 12422 | Lab      | Killed a minotaur
 12425 | Lab      | Got a heavily runed bone amulet
 12429 | Lab      | Identified the amulet of Divine Intervention {Faith Dex+4} (You took it off a minotaur in a labyrinth)
 12459 | Lab      | Got a glittering lead ring
 12462 | Lab      | Identified the ring of the Ten Cities {*Contam rC++ MP+9} (You found it in a labyrinth)
 12469 | Lab      | Got an ancient cloak
 12481 | Lab      | Identified the +0 cloak of Huilomocu {Regen+ Str+4 Int+3} (You found it in a labyrinth)
 12569 | D:11     | Noticed Snorg
 12677 | D:9      | Reached skill level 10 in Short Blades
 12905 | Lair:1   | Entered Level 1 of the Lair of Beasts
 12963 | Lair:1   | Reached skill level 5 in Invocations
 13050 | Lair:1   | Gained mutation: Your flesh is cold resistant. [potion of beneficial mutation]
 13051 | Lair:1   | Gained mutation: You have an increased reservoir of magic (+10% MP). [potion of beneficial mutation]
 13814 | Lair:2   | Noticed Urug
 13872 | Lair:2   | Acquired Makhleb's fifth power
 14147 | Lair:2   | Noticed Sonja
 14163 | Lair:2   | Cast into the Abyss (Sonja)
 14209 | Abyss:1  | Noticed a wretched star
 14282 | Abyss:1  | Noticed a thrashing horror
 14329 | Abyss:1  | Noticed a hell hog
 14401 | Abyss:1  | Noticed a thrashing horror
 14402 | Abyss:1  | Found a burning altar of Makhleb.
 14465 | Abyss:1  | Noticed a soul eater
 14480 | Abyss:1  | Killed a soul eater
 14496 | Abyss:1  | Noticed a profane servitor
 14510 | Abyss:1  | Noticed a lorocyproca
 14610 | Abyss:1  | Noticed a wretched star
 14616 | Abyss:1  | Noticed a tentacled starspawn
 14619 | Abyss:1  | Noticed a wretched star
 14620 | Abyss:1  | Noticed a thrashing horror
 14690 | Abyss:1  | Noticed a tentacled starspawn
 14760 | Abyss:1  | Noticed a shadow demon
 14762 | Abyss:1  | Noticed a tentacled starspawn
 14783 | Abyss:1  | Noticed a wretched star
 14845 | Abyss:1  | Noticed a thrashing horror
 14974 | Abyss:1  | Noticed a lorocyproca
 14976 | Abyss:1  | Got a smoking dagger
 14980 | Abyss:1  | Noticed a thrashing horror
 15120 | Abyss:1  | Noticed a giant orange brain
 15284 | Abyss:1  | Noticed a wretched star
 15350 | Abyss:1  | Noticed a tentacled starspawn
 15485 | Abyss:1  | Noticed a balrug
 15501 | Abyss:1  | Noticed a flayed ghost
 15514 | Abyss:1  | Noticed a spatial maelstrom
 15523 | Abyss:1  | Noticed an ice devil
 15542 | Abyss:1  | Noticed a starcursed mass
 15542 | Abyss:1  | Noticed a bone dragon
 15552 | Abyss:1  | Noticed a hell hog
 15581 | Abyss:1  | Noticed a tentacled starspawn
 15582 | Abyss:1  | Noticed a tentacled starspawn
 15608 | Abyss:1  | Noticed a starcursed mass
 15934 | Abyss:1  | Noticed a starcursed mass
 15935 | Abyss:1  | Noticed a wretched star
 15950 | Abyss:1  | Noticed a starcursed mass
 16016 | Abyss:1  | Noticed a red very ugly thing
 16068 | Abyss:1  | Noticed a spatial maelstrom
 16069 | Abyss:1  | Noticed a wretched star
 16071 | Abyss:1  | Noticed a green very ugly thing
 16109 | Abyss:1  | Noticed a tentacled starspawn
 16120 | Abyss:1  | Noticed a tentacled starspawn
 16123 | Abyss:1  | Noticed a blizzard demon
 16148 | Abyss:1  | Noticed a tentacled starspawn
 16164 | Abyss:1  | Noticed a spatial maelstrom
 16176 | Abyss:1  | Noticed a thrashing horror
 16178 | Abyss:1  | Found a corrupted altar of Lugonu.
 16213 | Abyss:1  | Noticed a large abomination
 16217 | Abyss:1  | Noticed a lich
 16404 | Abyss:1  | Noticed a quicksilver dragon zombie
 16465 | Abyss:1  | Noticed an ancient lich
 16512 | Abyss:1  | Noticed a tentacled starspawn
 16779 | Abyss:1  | Noticed a green death
 16873 | Abyss:1  | Noticed a tentacled monstrosity
 16893 | Abyss:1  | Noticed a tentacled starspawn
 16986 | Abyss:1  | Noticed a wretched star
 16994 | Abyss:1  | Noticed a tentacled starspawn
 17012 | Abyss:1  | Noticed a blizzard demon
 17114 | Abyss:1  | Noticed a bone dragon
 17116 | Abyss:1  | Noticed a white draconian
 17118 | Abyss:1  | Noticed a thrashing horror
 17139 | Lair:2   | Escaped the Abyss
 17157 | Lair:2   | Identified the +3 dagger of Doubt {venom, +Inv Dex-2 SInv} (You found it on level 1 of the Abyss)
 17238 | Lair:2   | Learned a level 5 spell: Metabolic Englaciation
 17290 | Lair:2   | Killed Urug
 17362 | Lair:2   | Killed Sonja
 17362 | Lair:2   | Reached skill level 10 in Dodging
 17983 | Lair:3   | Found a staircase to the Shoals.
 18002 | Lair:3   | Reached XP level 12. HP: 75/83 MP: 11/19
 18012 | Lair:3   | Reached skill level 11 in Stealth
 18974 | Lair:4   | Noticed a four-headed hydra
 18981 | Lair:4   | Killed a four-headed hydra
 18981 | Lair:4   | Reached skill level 5 in Fighting
 18981 | Lair:4   | Reached skill level 12 in Stealth
 19231 | Lair:4   | Noticed a six-headed hydra
 19240 | Lair:4   | Killed a six-headed hydra
 19282 | Lair:4   | Found a hole to the Spider Nest.
 19500 | Lair:5   | Reached skill level 10 in Invocations
 19527 | Lair:5   | Reached skill level 1 in Evocations
 19557 | Lair:5   | Got a translucent amber ring
 19559 | Lair:5   | Identified the ring of Uggagisi {rElec rF+ MR+ Slay-4} (You found it on level 5 of the Lair of Beasts)
 20331 | Lair:5   | Found a white marble altar of Elyvilon.
 20784 | Lair:6   | Reached skill level 5 in Evocations
 20874 | Lair:6   | Reached XP level 13. HP: 91/91 MP: 22/22
 20923 | Lair:6   | Noticed an eight-headed hydra
 20949 | Lair:6   | Killed an eight-headed hydra
 21002 | Lair:6   | Reached skill level 5 in Ice Magic
 21951 | Lair:7   | Reached skill level 5 in Spellcasting
 21969 | Lair:8   | Entered Level 8 of the Lair of Beasts
 22728 | Lair:8   | Found a viscous altar of Jiyva.
 22729 | Lair:8   | Found a staircase to the Slime Pits.
 23135 | Orc:1    | Entered Level 1 of the Orcish Mines
 23207 | Orc:2    | Found Razug's Antique Weapon Shop.
 23212 | Orc:2    | Found Geashro's Food Shop.
 23223 | Orc:2    | Found Ralioto's Distillery.
 23388 | Orc:3    | Noticed ninjanymous's ghost (experienced MiMo)
 23395 | Orc:2    | Noticed Rupert
 23730 | Orc:2    | Found War Zoev's Jewellery Shop.
 23732 | Orc:2    | Found Cytsoegil's Weapon Shoppe.
 23741 | Orc:2    | Found a frozen archway.
 23800 | IceCv    | Entered an ice cave
 23938 | Orc:2    | Killed Rupert
 24016 | Orc:3    | Found a staircase to the Elven Halls.
 24020 | Orc:3    | Killed ninjanymous's ghost
 24258 | Orc:3    | Found a roughly hewn altar of Beogh.
 25030 | Orc:2    | Bought a cursed amulet of inaccuracy for 20 gold pieces
 25030 | Orc:2    | Bought a cursed ring of loudness for 45 gold pieces
 25165 | Orc:2    | Found a bloodstained altar of Trog.
 25411 | Orc:2    | Bought a potion of heal wounds for 75 gold pieces
 25664 | Orc:2    | Bought a +0 demon blade for 210 gold pieces
 25736 | Orc:2    | Bought a potion of ambrosia for 120 gold pieces
 25736 | Orc:2    | Bought a potion of magic for 120 gold pieces
 25743 | Orc:2    | Bought a glowing short sword for 63 gold pieces
 25756 | Orc:4    | Entered Level 4 of the Orcish Mines
 26004 | Orc:4    | Noticed Saint Roka
 26023 | Orc:4    | Reached skill level 1 in Long Blades
 26030 | Orc:4    | Noticed an orc warlord
 26388 | Orc:4    | Found a roughly hewn altar of Beogh.
 26421 | Orc:4    | Reached XP level 14. HP: 89/100 MP: 25/25
 26446 | Orc:4    | Found Yjifrymi's Antique Weapon Shoppe.
 26473 | Orc:4    | Killed an orc warlord
 26592 | Orc:4    | Found Imor's General Store.
 26601 | Orc:4    | Bought a scroll of teleportation for 45 gold pieces
 26611 | Orc:4    | Found Pyrr's Jewellery Shoppe.
 26654 | Orc:4    | Found Ranaps's Antique Armour Shoppe.
 26885 | Orc:4    | Found a roughly hewn altar of Beogh.
 26958 | Orc:4    | Killed Saint Roka
 26958 | Orc:4    | Reached skill level 5 in Long Blades
 27270 | Orc:4    | Bought an embroidered robe for 23 gold pieces
 27332 | Orc:4    | Bought a glowing rapier for 140 gold pieces
 27689 | Lair:3   | You fall through a shaft!
 28822 | Lair:8   | Found a runed door.
 28913 | Lair:8   | Learned a level 6 spell: Mass Confusion
 29890 | D:11     | Noticed a hill giant
 29892 | D:11     | Killed a hill giant
 29906 | D:11     | Reached skill level 10 in Long Blades
 29943 | D:11     | Noticed Gastronok
 30579 | D:12     | Reached XP level 15. HP: 105/105 MP: 26/26
 31118 | D:13     | Found Ippay's Food Shop.
 31291 | D:13     | Reached skill level 13 in Stealth
 31301 | D:13     | Found a gate to the Vaults.
 31572 | D:13     | Found an ancient bone altar of Kikubaaqudgha.
 31881 | D:14     | Reached XP level 16. HP: 111/111 MP: 26/27
 32154 | D:14     | Noticed Frances
 32159 | D:14     | Killed Frances
 32337 | D:14     | Found a blossoming altar of Fedhas.
 32579 | D:15     | Entered Level 15 of the Dungeon
 32757 | D:15     | Noticed afx's ghost (weakling FoFi)
 32765 | D:15     | Killed afx's ghost
 32801 | D:15     | Got a heavily runed silver amulet
 33163 | D:15     | Found a staircase to the Depths.
 33960 | D:11     | Killed Gastronok
 34010 | D:11     | Identified a scroll of acquirement
 34053 | D:11     | Killed Snorg
 34101 | D:11     | Killed an eight-headed hydra
 34231 | D:11     | Noticed a hill giant
 34234 | D:11     | Killed a hill giant
 35901 | Spider:1 | Entered Level 1 of the Spider Nest
 36127 | Spider:1 | Reached skill level 1 in Armour
 37210 | Spider:2 | Got a brightly glowing wooden ring
 37211 | Spider:2 | Identified the ring "Hugair" {rF+ rN+} (You found it on level 2 of the Spider Nest)
 37843 | Spider:3 | Reached skill level 10 in Fighting
 37921 | Spider:3 | Reached skill level 5 in Armour
 38126 | Spider:3 | Reached XP level 17. HP: 128/128 MP: 28/28
 38399 | Spider:3 | Learned a level 2 spell: Blink
 38402 | Spider:3 | Learned a level 2 spell: Repel Missiles
 38445 | Spider:3 | Reached skill level 1 in Charms
 38596 | Spider:3 | Reached skill level 1 in Air Magic
 38710 | Spider:3 | Reached skill level 5 in Charms
 39243 | Spider:4 | Entered Level 4 of the Spider Nest
 39708 | Spider:4 | Reached skill level 14 in Stealth
 40033 | Spider:4 | Got a polished ring mail
 40060 | Spider:4 | Identified the +1 ring mail of Shadows and Fog {Regen+} (You found it on level 4 of the Spider Nest)
 40843 | Spider:4 | Reached skill level 15 in Stealth
 41221 | Spider:4 | Reached XP level 18. HP: 79/136 MP: 16/29
 41244 | Spider:4 | Got a gossamer rune of Zot
 42550 | Shoals:1 | Entered Level 1 of the Shoals
 43216 | Shoals:2 | Found Akhinoa's General Store.
 43228 | Shoals:2 | Bought a scroll of acquirement for 988 gold pieces
 43686 | Shoals:2 | Reached skill level 15 in Dodging
 44048 | Shoals:3 | Noticed Donald
 44128 | Shoals:3 | Killed Donald
 45416 | D:15     | Identified the amulet of Balance {rPois Regen+ Dex+2 Slay-5 Stlth+} (You found it on level 15 of the Dungeon)
 46253 | Shoals:4 | Entered Level 4 of the Shoals
 46253 | Shoals:4 | Noticed Polyphemus
 46382 | Shoals:4 | Noticed Ilsuiw
 46956 | Shoals:4 | Killed Ilsuiw
 46975 | Shoals:4 | Killed Polyphemus
 47009 | Shoals:4 | Got a barnacled rune of Zot
 47231 | Shoals:4 | Identified the Disquisition on Evil Lightness
 48288 | Lair:1   | Reached skill level 16 in Stealth
 48604 | Vaults:1 | Entered Level 1 of the Vaults
 48604 | Vaults:1 | Found Ammeotoi's Antique Armour Boutique.
 48616 | Vaults:1 | Bought a warped buckler for 218 gold pieces
 48626 | Vaults:1 | Identified the +0 buckler of Wasted Space {-Tele rPois rN+ Dex+6} (You bought it in a shop on level 1 of the Vaults)
 48867 | Vaults:1 | Reached XP level 19. HP: 146/146 MP: 30/30
 48876 | Vaults:1 | Reached skill level 17 in Stealth
 48944 | Vaults:1 | Found Copataq's Book Shop.
 49056 | Vaults:1 | Reached skill level 18 in Stealth
 49232 | Vaults:1 | Found Binwuw's Antique Weapon Emporium.
 49240 | Vaults:1 | Identified a +2 rod of the swarm (13/13) (You found it on level 1 of the Vaults)
 49517 | Vaults:1 | Found Gobb's Distillery.
 49525 | Vaults:1 | Bought a potion of might for 80 gold pieces
 49525 | Vaults:1 | Bought a potion of haste for 200 gold pieces
 50754 | Vaults:2 | Learned a level 5 spell: Silence
 51614 | Vaults:3 | Noticed Wiglaf
 51748 | Vaults:3 | Noticed Frederick
 51751 | Vaults:3 | Killed Frederick
 51859 | Vaults:3 | Noticed Jorgrun
 52228 | Vaults:4 | Reached XP level 20. HP: 155/157 MP: 33/33
 54043 | Depths:1 | Entered Level 1 of the Depths
 54077 | Depths:1 | Found a gateway to Hell.
 54132 | Depths:1 | Learned a level 1 spell: Summon Butterflies
 54313 | Depths:1 | Found a one-way gate leading to the halls of Pandemonium.
 54330 | Depths:1 | Reached skill level 15 in Hexes
 54844 | Depths:1 | Reached skill level 15 in Fighting
 54968 | Depths:1 | Identified the Collected Works on Hurtful Malediction
 55338 | Depths:1 | Reached skill level 10 in Armour
 56089 | Depths:2 | Reached XP level 21. HP: 168/168 MP: 34/34
 56742 | Depths:2 | Noticed Aizul
 56746 | Depths:2 | Killed Aizul
 56976 | Depths:2 | Identified a +1 rod of clouds (14/14) (You found it on level 2 of the Depths)
 56986 | Depths:2 | Identified Beus Goo's Disquisition on the Voyage
 57147 | Depths:2 | Got a warped turquoise ring
 57148 | Depths:2 | Identified the cursed ring of Omom {rC++ EV-3 Int-5 Dex+3} (You found it on level 2 of the Depths)
 57185 | Depths:2 | Learned a level 1 spell: Apportation
 57238 | Depths:3 | Found a one-way gate to the infinite horrors of the Abyss.
 57261 | Depths:3 | Noticed Margery
 57335 | Depths:3 | Killed Margery
 57391 | Depths:3 | Found Loen's Assorted Antiques.
 57454 | Depths:3 | Found Gozag's Assorted Antiques.
 57458 | Depths:3 | Found an opulent altar of Gozag.
 57478 | Depths:3 | Reached skill level 5 in Air Magic
 57497 | Depths:3 | Reached skill level 1 in Translocations
 57543 | Depths:3 | Found Gozag's Antique Weapon Shoppe.
 57546 | Depths:3 | Found Gozag's Antique Armour Emporium.
 57973 | Depths:3 | Found a runed door.
 57974 | Depths:3 | Noticed Nikola
 57990 | Depths:3 | Killed Nikola
 58015 | Depths:3 | Reached skill level 1 in Summonings
 58237 | Depths:3 | Noticed Sojobo
 58487 | Depths:4 | Got an encrusted leather armour
 58488 | Depths:4 | Identified the cursed +0 leather armour "Qafebb" {Int+4} (You found it on level 4 of the Depths)
 58626 | Depths:4 | Noticed Mennas
 58719 | Depths:4 | Noticed Xtahua
 58751 | Depths:4 | Killed Xtahua
 59276 | Depths:4 | Reached XP level 22. HP: 178/178 MP: 35/35
 59458 | Depths:4 | Noticed a caustic shrike
 59462 | Depths:4 | Noticed a caustic shrike
 60152 | Depths:4 | Gained mutation: Your spells are a little easier to cast, but a little less powerful. [helix card]
 60219 | Depths:4 | Noticed a caustic shrike
 60228 | Depths:4 | Killed a caustic shrike
 60247 | Depths:4 | Killed a caustic shrike
 60247 | Depths:4 | Reached skill level 10 in Evocations
 60672 | Depths:4 | Reached skill level 19 in Stealth
 60730 | Depths:4 | Killed a caustic shrike
 60895 | Depths:4 | Noticed a caustic shrike
 60896 | Depths:4 | Noticed a caustic shrike
 60899 | Depths:4 | Noticed a caustic shrike
 60900 | Depths:4 | Noticed a caustic shrike
 60901 | Depths:4 | Noticed a caustic shrike
 61386 | Depths:4 | Killed a caustic shrike
 61450 | Depths:4 | Killed a caustic shrike
 61520 | Depths:4 | Killed a caustic shrike
 61520 | Depths:4 | Reached skill level 10 in Charms
 61559 | Depths:4 | Killed a caustic shrike
 61823 | Vaults:1 | Bought a book of Enchantments for 650 gold pieces
 62177 | Lair:2   | Learned a level 6 spell: Haste
 63531 | Depths:4 | Killed a caustic shrike
 63614 | Depths:5 | Entered Level 5 of the Depths
 64182 | Depths:5 | Noticed Boris
 64196 | Depths:4 | Reached XP level 23. HP: 178/184 MP: 36/36
 64383 | Depths:5 | Killed Boris
 65050 | Depths:5 | Found a gateway to a ziggurat.
 65155 | Depths:5 | Found a viscous altar of Jiyva.
 65667 | Depths:5 | Learned a level 6 spell: Deflect Missiles
 65735 | Depths:5 | Found a gate to the Realm of Zot.
 66169 | D:11     | Bought a fan of gales for 560 gold pieces
 66169 | D:11     | Bought a sack of spiders for 280 gold pieces
 67021 | Vaults:5 | Entered Level 5 of the Vaults
 67063 | Vaults:5 | Found Wanneej's Book Emporium.
 67335 | Vaults:5 | Reached skill level 15 in Charms
 67955 | Vaults:5 | Got a clouded lapis lazuli ring
 67957 | Vaults:5 | Identified the ring of Ecune {+Fly rC- Str+4 Dex+4} (You found it on level 5 of the Vaults)
 68069 | Vaults:5 | Reached skill level 10 in Air Magic
 68105 | Vaults:5 | Reached XP level 24. HP: 191/191 MP: 39/39
 68122 | Vaults:5 | Got a faintly glowing scale mail
 68133 | Vaults:5 | Identified the +4 scale mail of Disguise {rC- Int+3} (You found it on level 5 of the Vaults)
 68375 | Vaults:5 | Reached skill level 20 in Stealth
 68404 | Vaults:5 | Got a glittering silver ring
 68406 | Vaults:5 | Identified the ring of Leulli {+Fly MR+ MP+9 Str+5} (You took it off an ironbrand convoker on level 5 of the Vaults)
 68733 | Vaults:5 | Got a silver rune of Zot
 70040 | Orc:4    | Bought a legendary deck of changes for 390 gold pieces
 70040 | Orc:4    | Bought a potion of agility for 60 gold pieces
 70045 | Orc:4    | Lost mutation: Your spells are a little easier to cast, but a little less powerful. [helix card]
 70045 | Orc:4    | Gained mutation: You are agile. (Dex +2) [helix card]
 70555 | Depths:3 | Reached skill level 10 in Spellcasting
 71050 | Zot:1    | Entered Level 1 of the Realm of Zot
 72101 | Zot:2    | Reached XP level 25. HP: 202/202 MP: 35/40
 72399 | Zot:2    | Noticed an ancient lich
 73334 | Zot:2    | Noticed an ancient lich
 73350 | Zot:2    | Killed an ancient lich
 73451 | Zot:2    | Killed an ancient lich
 75426 | Zot:4    | Reached XP level 26. HP: 214/218 MP: 40/40
 75868 | Zot:4    | Got a warped great sword
 76299 | Zot:4    | Reached skill level 15 in Armour
 76551 | Zot:5    | Entered Level 5 of the Realm of Zot
 77669 | Orc:2    | Bought 2 potions of ambrosia for 240 gold pieces
 77669 | Orc:2    | Bought a potion of haste for 150 gold pieces
 77669 | Orc:2    | Bought a potion of cure mutation for 525 gold pieces
 77669 | Orc:2    | Bought a potion of agility for 60 gold pieces
 77669 | Orc:2    | Bought a potion of resistance for 150 gold pieces
 78737 | Depths:3 | Bought a scroll of recharging for 190 gold pieces
 78737 | Depths:3 | Bought a potion of magic for 160 gold pieces
 79228 | Vaults:3 | Reached skill level 21 in Fighting
 79861 | Vaults:3 | Found a staircase to the Crypt.
 79975 | Vaults:3 | Killed Wiglaf
 80170 | Crypt:1  | Entered Level 1 of the Crypt
 82437 | Crypt:2  | Reached skill level 22 in Fighting
 82736 | Crypt:2  | Reached XP level 27. HP: 231/231 MP: 40/40
 83113 | Crypt:2  | Found a shimmering altar of Xom.
 83182 | Crypt:3  | Entered Level 3 of the Crypt
 83714 | Crypt:3  | Learned a level 8 spell: Discord
 83889 | Crypt:3  | Reached skill level 23 in Fighting
 84261 | Crypt:3  | Found an ancient bone altar of Kikubaaqudgha.
 84261 | Crypt:3  | Noticed an ancient lich
 84277 | Crypt:3  | Killed an ancient lich
 84479 | Crypt:3  | Identified the Disquisition on Black Rituals
 84743 | Crypt:3  | Found a staircase to the Tomb.
 85210 | Elf:1    | Entered Level 1 of the Elven Halls
 85424 | Elf:1    | Found Jintait's Armour Boutique.
 85493 | Elf:1    | Found Imamol's Weapon Shop.
 85582 | Elf:1    | Found Isaom's Armour Shoppe.
 85601 | Elf:1    | Bought a +2 helmet of intelligence for 279 gold pieces
 85601 | Elf:1    | Bought a +2 pair of gloves of dexterity for 279 gold pieces
 85746 | Elf:1    | Found Xozacs's Weapon Shop.
 86207 | Elf:2    | Found a runed gate.
 86209 | Elf:2    | Found a runed gate.
 86212 | Elf:2    | Found a runed gate.
 87536 | Zot:5    | Reached skill level 24 in Fighting
 87700 | Zot:5    | Noticed an ancient lich
 87716 | Zot:5    | Killed an ancient lich
 87888 | Zot:5    | Noticed an orb of fire
 87911 | Zot:5    | Killed an orb of fire
 87920 | Zot:5    | Noticed an orb of fire
 87921 | Zot:5    | Noticed an orb of fire
 87922 | Zot:5    | Noticed an ancient lich
 88163 | Zot:5    | Noticed an orb of fire
 88210 | Zot:5    | Noticed an orb of fire
 88567 | Zot:5    | Reached skill level 25 in Fighting
 88592 | Zot:5    | Killed an orb of fire
 88759 | Zot:5    | Killed an orb of fire
 89255 | Zot:5    | Got the Orb of Zot
 89281 | Zot:5    | Noticed Aniyr the pandemonium lord
 89316 | Zot:5    | Noticed Qivenoir the pandemonium lord
 89319 | Zot:5    | Noticed an orb of fire
 90186 | D:$      | Escaped with the Orb!

Vault maps used:
D:1:      minmay_arrival_four_loops, minmay_quantized
D:2:      overflow_temple_1_default, minmay_misc_feat_roman, uniq_robin
D:3:      lemuel_castle_with_subvaults, nicolae_overflow_hidden_temple,
          first_bread
D:4:      lemuel_doored_altar, serial_shops, shop, minmay_box_of_dots,
          uniq_edmund, uniq_blork_the_orc
D:5:      minmay_misc_feat_enclosed, makhleb_altar_promises_db
D:6:      okawaru_gym_becter, portal_sewer_entry_e, uniq_pikel
D:7:      minmay_temple_entry_poolview
D:8:      zin_purify, nicolae_dithmenos_through_a_glass_darkly, serial_shops,
          kennysheep_little_box, uniq_maurice, uniq_erolcha
D:9:      lemuel_crystal_altar, orc_0_dummy
D:10:     the_bakery, grunt_ministairs_8, spider_trap, led_sif_book
D:11:     serial_shops, shop, lab_entry_generic, uniq_gastronok, uniq_snorg
D:13:     lightli_vaults_fourway_checkpoint, serial_shops, shop,
          lemuel_mausoleum_altar_kikubaaqudgha
D:14:     fedhas_altar_fruit_tree, uniq_frances
D:15:     grunt_enter_depths_hoard
Lair:1:   grunt_forest_small_clearings, serial_bayou_shore_a
Lair:2:   uniq_urug, uniq_sonja
Lair:3:   elwin_shoals_entry_stream, grunt_megastairs_2
Lair:4:   spider_nest_entry_funnel_web, serial_forest,
          infiniplex_forest_clump_double, infiniplex_forest_clump_small,
          infiniplex_forest_clump_large, infiniplex_forest_straight_2,
          infiniplex_forest_lined_corner
Lair:5:   kennysheep_rathole, basic_altar, grunt_forest_small_clearing_treed,
          infiniplex_staircase_pool_2
Lair:6:   columned_hall_lemuel
Lair:7:   cheibrodos_lair_caveside_slide, st_stairs_10, ice2_lemuel
Lair:8:   wormcave, slime_altar_1, nicolae_lair_yak_garden
Shoals:1: overgrown_tower
Shoals:2: serial_shops, shop_statue, nicolae_shoals_arrival_archipelago
Shoals:3: uniq_donald
Shoals:4: shoals_end_simple, shoals_ilsuiw_alternative,
          nicolae_shoals_hunting_party, uniq_polyphemus
Spider:2: hive_lemuel
Spider:3: nicolae_spider_corner
Spider:4: guppyfry_spider_rune
Orc:2:    portal_ice_cave_entry_imps, serial_shops, shop, shop, shop, shop,
          shop, trog_book, uniq_rupert
Orc:3:    enter_volcano_3, nicolae_orc_pool_cavern, kennysheep_orc_chapel
Orc:4:    grunt_orc_cross, mines1_david, uniq_saint_roka
Elf:1:    eino_elf_arrival_customs, serial_shops, nicolae_shop_crystal,
          nicolae_shop_waterfront, nicolae_shop_behind_doors, shop_coins,
          hangedman_elf_represent
Vaults:1: v_misc_25, nicolae_vaults_border_crossing, v_misc_10,
          hangedman_vaults_maws, v_misc_30, vaults_dpeg_cross, vaults_room_pool,
          v_pattern_4, v_misc_25, vaults_mumra_hexcomb,
          nicolae_vaults_circle_grid_b, nicolae_vaults_angled_halls,
          serial_shops, shop_statue, nicolae_shop_crystal,
          nicolae_shop_statue_plus, nicolae_shop_statue_plus
Vaults:2: hangedman_vaults_locks, nicolae_vaults_shelves_hall,
          hangedman_vaults_restitches, hangedman_vaults_capsules,
          nicolae_vaults_yaktaur_gun_rack, nicolae_vaults_little_squares_3,
          hangedman_vaults_snaps, ontoclasm_vaults_loading_screen
Vaults:3: nicolae_vaults_stairing_the_circle, ontoclasm_vaults_twist,
          vaults_room_door_hall, v_misc_4, dpeg_vaults_monster_row,
          vaults_room_boxed, ontoclasm_vaults_ligature, v_misc_27,
          minmay_crypt_entry_simple_box, nicolae_vaults_little_squares_1,
          uniq_wiglaf, uniq_jorgrun, uniq_frederick
Vaults:4: v_rooms_4, hangedman_vaults_nodes, ontoclasm_vaults_pinch,
          vaults_mumra_minichess, v_misc_30, nicolae_vaults_little_ls,
          v_alt_pattern_2, v_misc_5, vaults_mumra_chevron_long, v_misc_15
Vaults:5: serial_shops
Crypt:1:  kb_skeletal_archery
Crypt:2:  due_chaos_kobolds, serial_sigils, serial_sigils_hangedman_leer,
          serial_sigils_hangedman_etch, serial_sigils_hangedman_confine,
          serial_sigils_hangedman_carve, serial_sigils_hangedman_stare,
          serial_sigils_hangedman_shear
Crypt:3:  cryptofortress_bobbens
Depths:1: pf_hell_entry_tar_river, grunt_pan_entry_sceptre,
          minmay_misc_feat_more_columns, minmay_pinched_square
Depths:2: minmay_smoke_and_mirrors, hell_entry, serial_sigils_hangedman_gnaw,
          rand_demon_pan_entry_8, infiniplex_staircase_zigzag_2, uniq_aizul
Depths:3: kennysheep_gozag_temple, grunt_metal_band, kennysheep_donut,
          abyss_entry, pan_entry, serial_shops, shop, lightli_giant_bouncers,
          infiniplex_staircase_river, uniq_margery, uniq_nikola, uniq_sojobo
Depths:4: grunt_twisty_corner, hell_entry, abyss_entry_crystal, hex_tiny,
          infiniplex_staircase_zigzag_4, basic_stair_grate_trap, uniq_xtahua,
          uniq_mennas
Depths:5: evilmike_zot_entry_hall, enter_ziggurat_a, special_room,
          grunt_hell_entry_dis_grunt, rand_demon_pan_entry_3,
          serial_sigils_hangedman_quiver, uniq_boris
Zot:2:    hangedman_zot_vaults_quadrants
Zot:3:    grunt_twist_and_shout, basic_stair_grate_trap
Zot:4:    lemuel_halls_of_wrath, grunt_ministairs_10, st_stairs_5
Lab:      labyrinth_spiral, nicolae_lab_dead_end
IceCv:    ice_cave_statue_garden_01

Action                   |  1- 3 |  4- 6 |  7- 9 | 10-12 | 13-15 | 16-18 | 19-21 | 22-24 | 25-27 || total
-------------------------+-------+-------+-------+-------+-------+-------+-------+-------+-------++-------
Melee: Dagger            |    72 |   316 |   364 |   927 |  1729 |  1680 |   335 |   190 |   243 ||  5856
       Rapier            |       |       |       |       |    14 |       |       |       |       ||    14
       Demon blade       |       |       |       |       |    66 |   273 |  2231 |  3037 |  3172 ||  8779
 Fire: Blowgun           |       |       |     2 |       |       |       |       |       |       ||     2
 Cast: Ensorcelled Hiber |     9 |    45 |    55 |   127 |   125 |   351 |    65 |    49 |    66 ||   892
       Confuse           |       |     7 |    15 |    11 |    23 |    84 |     9 |    13 |    19 ||   181
       Tukima's Dance    |       |     2 |    10 |    10 |    27 |    80 |    43 |    52 |    25 ||   249
       Dazzling Spray    |       |       |       |     3 |    28 |    43 |     3 |     9 |     4 ||    90
       Metabolic Englaci |       |       |       |     1 |     3 |     1 |       |       |       ||     5
       Mass Confusion    |       |       |       |       |     1 |       |       |     2 |       ||     3
       Repel Missiles    |       |       |       |       |       |     3 |     4 |     1 |       ||     8
       Silence           |       |       |       |       |       |       |     1 |     8 |     6 ||    15
       Haste             |       |       |       |       |       |       |       |     6 |    14 ||    20
       Deflect Missiles  |       |       |       |       |       |       |       |     5 |     4 ||     9
Invok: Lesser Servant of |       |       |       |     2 |       |       |       |       |       ||     2
       Greater Servant o |       |       |       |     1 |     1 |       |       |    13 |     4 ||    19
       Major Destruction |       |       |       |       |       |       |       |     2 |       ||     2
 Abil: End Transformatio |       |       |       |     7 |     8 |     6 |     2 |       |       ||    23
       Bat Form          |       |       |       |     7 |     8 |     6 |     2 |       |       ||    23
Evoke: Wand              |       |       |       |     7 |     4 |     2 |       |     5 |    23 ||    41
       Sack of spiders   |       |       |       |       |     6 |     5 |       |     2 |       ||    13
       Phial of floods   |       |       |       |       |     3 |     4 |     2 |     1 |       ||    10
       Deck              |       |       |       |       |       |       |       |     7 |       ||     7
       Fan of gales      |       |       |       |       |       |       |       |       |     1 ||     1
  Use: Potion            |     2 |     1 |     2 |    13 |     9 |    14 |     6 |    18 |    16 ||    81
       Scroll            |     1 |     6 |     7 |    25 |     4 |    40 |    16 |    19 |    17 ||   135
 Stab: Sleeping          |    15 |    38 |    64 |   131 |   125 |   253 |   100 |    27 |   102 ||   855
       Distracted        |     1 |     2 |     2 |    10 |    18 |    26 |    15 |    33 |    29 ||   136
       Confused          |       |     3 |     6 |     5 |    19 |    70 |    15 |    24 |    23 ||   165
       Invisible         |       |       |       |     2 |     6 |    18 |     2 |    10 |       ||    38
       Held in net/web   |       |       |       |       |       |     1 |       |       |       ||     1
       Fleeing           |       |       |       |       |       |     2 |     1 |       |       ||     3
       Petrifying        |       |       |       |       |       |     1 |       |       |       ||     1
  Eat: Corpse            |     8 |    25 |    22 |    18 |    11 |    10 |    18 |    12 |     6 ||   130
